[Event "ICC tourney 2049 (75 10)"]
[Site "Internet Chess Club"]
[Date "2020.10.09"]
[Round "1"]
[White "CARTERD253"]
[Black "caratclownery"]
[Result "1-0"]
[ICCResult "Black checkmated"]
[WhiteElo "2171"]
[BlackElo "1867"]
[Opening "QGD: Anti-neo-orthodox variation"]
[ECO "D54"]
[NIC "QO.13"]
[Time "20:05:56"]
[TimeControl "4500+10"]

1. d4 Nf6 2. c4 e6 3. Nc3 d5 4. Bg5 Be7 5. e3 O-O 6. Rc1 h6 7. Bh4 c6 8. Nf3
Nbd7 9. Bd3 dxc4 10. Bxc4 Nb6 11. Bb3 Nbd5 12. O-O Bd7 13. Re1 Re8 14. a3
Rc8 15. e4 Nf4 16. Ne5 a6 17. Qd2 Ng6 18. Nxg6 fxg6 19. e5 Nd5 20. Bxe7 Qxe7
21. Bc2 Qf7 22. Ne4 Rf8 23. Nd6 Qe7 24. Nxc8 Bxc8 25. g3 Qf7 26. Be4 Ne7 27.
f4 Nf5 28. Bxf5 gxf5 29. b4 Rd8 30. a4 Qd7 31. Red1 b6 32. a5 bxa5 33. bxa5
Bb7 34. Rc5 Kh7 35. Qb4 h5 36. h4 Qf7 37. Kf2 Rd5 38. Rxd5 cxd5 39. Rc1 Qd7
40. Rb1 Bc6 41. Qd6 Qa7 42. Rb6 Bb5 43. Qxe6 Qc7 44. Qxf5+ Kg8 45. e6 Be8
46. Qxd5 Qc2+ 47. Ke3 Qc3+ 48. Ke4 Qe1+ 49. Kf5 Qxg3 50. e7+ Kh7 51. Ke5
Qxh4 52. Qe4+ Kg8 53. Kd6 Qg3 54. Rb8 Qa3+ 55. Ke6 Qa4 56. Qd5 Kh7 57. Qf5+
g6 58. Qd5 Kg7 59. Qd6 Qc4+ 60. d5 Bf7+ 61. Kd7 Qa4+ 62. Qc6 Qxf4 63. e8=Q
Bxe8+ 64. Rxe8 h4 65. Re7+ Kh6 66. Qe6 Qa4+ 67. Kc8 Qxa5 68. Qe3+ g5 69.
Qe6+ Kh5 70. Rh7# {Black checkmated} 1-0

[Event "ICC tourney 2049 (75 10)"]
[Site "Internet Chess Club"]
[Date "2020.10.09"]
[Round "1"]
[White "Otelo"]
[Black "Randomdude21"]
[Result "0-1"]
[ICCResult "White resigns"]
[WhiteElo "2041"]
[BlackElo "1854"]
[Opening "English opening"]
[ECO "A05"]
[NIC "QP.11"]
[Time "20:06:03"]
[TimeControl "4500+10"]

1. Nf3 Nf6 2. c4 g6 3. b3 Bg7 4. Bb2 O-O 5. g3 d6 6. Bg2 e5 7. d3 Nc6 8. Nc3
Nh5 9. O-O f5 10. e3 Nf6 11. a3 h6 12. Qc2 g5 13. b4 f4 14. Nd2 Nh5 15. b5
Ne7 16. Nd5 g4 17. exf4 exf4 18. Bxg7 Kxg7 19. Rfe1 Nxd5 20. Bxd5 fxg3 21.
hxg3 Nf6 22. Bg2 Nd7 23. Re3 Qf6 24. Nb3 Nc5 25. Rae1 Nxb3 26. Re7+ Kh8 27.
d4 Bf5 28. Qxb3 Bg6 29. Qe3 Bh7 30. Bxb7 Rab8 31. Rxc7 Rbe8 32. Qxe8 Qxf2+
33. Kh1 Rxe8 34. Rxe8+ Bg8 35. Rcc8 Qf1+ 36. Kh2 Qh3+ 37. Kg1 Qxg3+ 38. Kf1
Qd3+ 39. Kf2 Qxd4+ 40. Kg3 Qc3+ 41. Kxg4 Qg7+ 42. Kf4 Qf7+ 43. Ke3 Qxb7 44.
Rxg8+ Kh7 45. Rh8+ Kg7 46. Rcg8+ Kf6 47. Rxh6+ Kf5 48. Rh5+ Kf6 49. Kf4 Qb6
50. Rf5+ Ke7 51. c5 dxc5 52. Rg7+ Ke8 53. Rg8+ Ke7 54. Rg7+ Ke8 55. Rh5 Qf6+
56. Ke4 Qxg7 57. Rxc5 Kd8 58. Kd5 Qg5+ 59. Kc4 Qf4+ 60. Kd5 Qf3+ 61. Kc4
Qxa3 62. Rd5+ Kc7 63. Kd4 Kb6 64. Ke4 Qb4+ 65. Ke5 Qxb5 {White resigns} 0-1

[Event "ICC tourney 2049 (75 10)"]
[Site "Internet Chess Club"]
[Date "2020.10.09"]
[Round "1"]
[White "JunlinTheWorld"]
[Black "investigator"]
[Result "0-1"]
[ICCResult "White checkmated"]
[WhiteElo "1868"]
[BlackElo "2108"]
[Opening "Pirc: classical system, 5.Be2"]
[ECO "B08"]
[NIC "PU.01"]
[Time "20:06:11"]
[TimeControl "4500+10"]

1. e4 d6 2. d4 Nf6 3. Nc3 g6 4. Nf3 Bg7 5. Be2 O-O 6. O-O Bg4 7. h3 Bxf3 8.
Bxf3 Nc6 9. Be3 e5 10. d5 Ne7 11. Ne2 Nd7 12. c4 f5 13. b4 f4 14. Bd2 Nf6
15. c5 g5 16. Nc3 Ng6 17. Rc1 Rf7 18. Bg4 Nxg4 19. Qxg4 Bf8 20. c6 b6 21. a4
a6 22. Kh1 h6 23. Rg1 Bg7 24. Na2 Nf8 25. Qe2 Nh7 26. f3 Nf6 27. Nc3 Bf8 28.
Rc2 Rg7 29. Rb1 h5 30. a5 b5 31. Rcb2 Rb8 32. Be1 Qc8 33. Bf2 g4 34. Bh4 Nh7
35. hxg4 hxg4 36. fxg4 Rxg4 37. Bf2 Ng5 38. Ba7 Ra8 39. Bf2 Be7 40. Rg1 Kf7
41. Rd1 Qh8+ 42. Kg1 f3 43. Qf1 Rxg2+ 44. Qxg2 fxg2 45. Be3 Qh1+ 46. Kf2
g1=Q+ 47. Rxg1 Nh3+ 48. Kf1 Qf3+ 49. Bf2 Nxg1 50. Kxg1 Rh8 51. Bh4 Bxh4 52.
Rh2 Bf2+ 53. Rxf2 Rh1# {White checkmated} 0-1

[Event "ICC tourney 2049 (75 10)"]
[Site "Internet Chess Club"]
[Date "2020.10.09"]
[Round "1"]
[White "ryanwang"]
[Black "chesslead"]
[Result "1/2-1/2"]
[ICCResult "Game drawn by mutual agreement"]
[WhiteElo "1851"]
[BlackElo "2076"]
[Opening "Pirc defense"]
[ECO "B07"]
[NIC "PU.08"]
[Time "20:05:58"]
[TimeControl "4500+10"]

1. e4 d6 2. d4 Nf6 3. Nc3 Nbd7 4. f4 e5 5. Nf3 exd4 6. Nxd4 g6 7. Be2 Bg7 8.
O-O O-O 9. Kh1 Re8 10. Bf3 Nc5 11. e5 dxe5 12. fxe5 Rxe5 13. Bf4 Re8 14.
Ndb5 Ne6 15. Nxc7 Qxd1 16. Raxd1 Nxc7 17. Bxc7 a5 18. Na4 Be6 19. Nb6 Ra7
20. a4 Bf8 21. Rd2 Bb4 22. Re2 Bc5 23. c4 Kg7 24. Nd5 Nxd5 25. Bxd5 Rc8 26.
Be5+ Kg8 27. Bxe6 fxe6 28. b3 Raa8 29. Rd2 Rd8 30. Rfd1 Rxd2 31. Rxd2 Rf8
32. h3 Rf5 33. Bd6 Rf1+ 34. Kh2 Bg1+ 35. Kg3 Rb1 36. Rd3 Re1 37. Bc7 b6 38.
Bf4 e5 39. Bd2 Rd1 40. Kf3 Kf7 41. Ke2 Rb1 {Game drawn by mutual agreement}
1/2-1/2

[Event "ICC tourney 2049 (75 10)"]
[Site "Internet Chess Club"]
[Date "2020.10.09"]
[Round "1"]
[White "RG2017"]
[Black "goodcrowdchess"]
[Result "1-0"]
[ICCResult "Black checkmated"]
[WhiteElo "1967"]
[BlackElo "1606"]
[Opening "QGD Slav defense: exchange variation"]
[ECO "D10"]
[NIC "SL.01"]
[Time "20:06:02"]
[TimeControl "4500+10"]

1. d4 d5 2. c4 c6 3. cxd5 cxd5 4. Bf4 Bf5 5. Qb3 Qd7 6. Bxb8 Rxb8 7. e4 Qe6
8. Qa4+ Kd8 9. Qa5+ b6 10. Qxa7 Rc8 11. Nc3 Bxe4 12. Nge2 Bg6 13. f3 Nf6 14.
Kf2 Qd6 15. Rc1 Qb8 16. Qa6 e6 17. Na4 Nd7 18. Rxc8+ Qxc8 19. Nec3 Be7 20.
Qxc8+ Kxc8 21. Ba6+ Kb8 22. Bb5 Rd8 23. Bxd7 Rxd7 24. Nxb6 Rb7 25. Nba4 Bf6
26. Ke3 Rb4 27. Rd1 Bc2 28. a3 Rc4 29. b3 Rc7 30. Rd2 Bg6 31. f4 Be7 32. b4
f6 33. Nc5 Bf7 34. Na6+ Kb7 35. Nxc7 Kxc7 36. Rc2 Bg6 37. Rc1 Kb6 38. Na4+
Kb5 39. Rc7 Bxb4 40. Rb7+ Kxa4 41. axb4 Be4 42. g3 Bf5 43. Rxg7 Kxb4 44. Rf7
e5 45. fxe5 Bg6 46. Rxf6 Kc4 47. Rxg6 hxg6 48. e6 g5 49. e7 g4 50. e8=Q Kc3
51. Qc6+ Kb2 52. Qxd5 Kc3 53. Qc5+ Kb3 54. Kd3 Kb2 55. Qb4+ Ka1 56. Kc2 Ka2
57. Qb2# {Black checkmated} 1-0

[Event "ICC tourney 2049 (75 10)"]
[Site "Internet Chess Club"]
[Date "2020.10.09"]
[Round "1"]
[White "xyzchessdude"]
[Black "Almanac2050"]
[Result "1-0"]
[ICCResult "Black resigns"]
[WhiteElo "2045"]
[BlackElo "1755"]
[Opening "Réti accepted"]
[ECO "A09"]
[NIC "RE.19"]
[Time "20:05:57"]
[TimeControl "4500+10"]

1. Nf3 d5 2. c4 dxc4 3. e3 a6 4. Bxc4 e6 5. O-O Nf6 6. d4 b5 7. Bd3 c5 8. a4
b4 9. Nbd2 Nc6 10. Nc4 a5 11. Qc2 cxd4 12. exd4 Bb7 13. Nce5 Na7 14. Re1 Be7
15. Nxf7 Kxf7 16. Ng5+ Kg8 17. Nxe6 Qd5 18. Nf4 Qd6 19. Bc4+ Kf8 20. Ne6+
Ke8 21. Bf4 Qd7 22. Nxg7+ Kd8 23. Ne6+ Ke8 24. Nc7+ Kd8 25. Nxa8 Bxa8 26.
Be6 Qc6 27. Qxc6 Bxc6 28. d5 Bd7 29. Rac1 Nc8 30. Bc7+ Ke8 31. Bxa5 h5 32.
Rxc8+ Bxc8 33. Bxc8 Kf7 34. Be6+ Kg7 35. Bc7 Ne8 36. Be5+ Bf6 37. Bxf6+ Kxf6
38. Bd7 Ng7 39. g3 Rd8 40. Bc6 Nf5 41. Re4 Rb8 42. b3 Kg5 43. h4+ Kf6 44.
Bb5 Rd8 45. Re6+ Kg7 46. Bc4 Nd4 47. Rb6 Nc2 48. a5 {Black resigns} 1-0

[Event "ICC tourney 2049 (75 10)"]
[Site "Internet Chess Club"]
[Date "2020.10.09"]
[Round "1"]
[White "bg26723"]
[Black "premierchess"]
[Result "1-0"]
[ICCResult "Black resigns"]
[WhiteElo "1957"]
[BlackElo "2124"]
[Opening "Caro-Kann: closed (Breyer) variation"]
[ECO "B10"]
[NIC "CK.01"]
[Time "20:06:14"]
[TimeControl "4500+10"]

1. e4 c6 2. d3 d5 3. Nd2 dxe4 4. dxe4 e5 5. Ngf3 Nd7 6. Bc4 Be7 7. O-O Ngf6
8. Bb3 O-O 9. Qe2 a5 10. a4 Qc7 11. Rd1 Nc5 12. Nc4 Bg4 13. Qe1 Nfd7 14. Bd2
Nxb3 15. cxb3 b6 16. Bc3 f6 17. Rd3 Nc5 18. Re3 Rfd8 19. Qe2 Ne6 20. h3 Nf4
21. Qf1 Be6 22. Nfxe5 b5 23. axb5 cxb5 24. Bxa5 Rxa5 25. Nxa5 fxe5 26. Rc3
Qd7 27. Nc6 Rf8 28. Ra7 Qd2 29. Nxe7+ Kh8 30. Rf3 Qd4 31. Nc6 Qxe4 32. Ra6
Bd5 33. Ne7 Bb7 34. Ra7 g6 35. Re3 Qxg2+ 36. Qxg2 Bxg2 37. Rxe5 Rd8 38. Rxb5
Bxh3 39. Nc6 Rc8 40. Ne5 Be6 41. Rbb7 Rc1+ 42. Kh2 Bg8 43. Rb8 Rc5 44. Raa8
Kg7 45. Rxg8+ {Black resigns} 1-0

[Event "ICC tourney 2049 (75 10)"]
[Site "Internet Chess Club"]
[Date "2020.10.09"]
[Round "1"]
[White "pika0008"]
[Black "pawnpush202044"]
[Result "1/2-1/2"]
[ICCResult "Game drawn by repetition"]
[WhiteElo "1671"]
[BlackElo "1941"]
[Opening "English opening: Agincourt variation"]
[ECO "A13"]
[NIC "QP.09"]
[Time "20:06:13"]
[TimeControl "4500+10"]

1. Nf3 d5 2. c4 e6 3. e3 Nf6 4. b3 Nc6 5. Bb2 Be7 6. Be2 O-O 7. Qc2 Ne4 8.
O-O Nb4 9. Qd1 Bf6 10. d4 c5 11. a3 Nc6 12. cxd5 exd5 13. h3 a6 14. Qc2 Bf5
15. Bd3 cxd4 16. Nxd4 Nxd4 17. Bxd4 Bxd4 18. exd4 Rc8 19. Qb2 Qg5 20. Kh2
Rc6 21. Bxe4 Bxe4 22. f4 Qg6 23. Qf2 Rc2 24. Nd2 Rfc8 25. Rfe1 R8c3 26. Re2
h5 27. Rae1 Qf5 28. Qh4 Rd3 29. Nxe4 Rxe2 30. Ng3 Rxg3 31. Rxe2 Rxb3 32.
Re8+ Kh7 33. Re5 Rxh3+ 34. gxh3 Qc2+ 35. Kg3 Qd3+ 36. Kg2 Qc2+ 37. Qf2 Qg6+
38. Rg5 Qe4+ 39. Qf3 Qc2+ 40. Kg3 g6 41. Qxd5 h4+ 42. Kf3 Qd3+ 43. Kf2 Qd2+
44. Kf3 Qd3+ 45. Kf2 Qd2+ 46. Kf3 Qd3+ {Game drawn by repetition} 1/2-1/2

[Event "ICC tourney 2049 (75 10)"]
[Site "Internet Chess Club"]
[Date "2020.10.09"]
[Round "1"]
[White "Knightoffaith"]
[Black "chessrani"]
[Result "0-1"]
[ICCResult "White resigns"]
[WhiteElo "1772"]
[BlackElo "2057"]
[Opening "Sicilian: Pelikan, Bird variation"]
[ECO "B33"]
[NIC "SI.36"]
[Time "20:06:28"]
[TimeControl "4500+10"]

1. e4 c5 2. Nf3 Nc6 3. d4 cxd4 4. Nxd4 Nf6 5. Nc3 e5 6. Ndb5 d6 7. Bg5 a6 8.
Na3 Be6 9. Nc4 Rc8 10. Nd5 Bxd5 11. exd5 Ne7 12. Bxf6 gxf6 13. Be2 Rc5 14.
Ne3 f5 15. c4 Bh6 16. Nc2 Ng6 17. g3 f4 18. b3 Qf6 19. Bf3 O-O 20. O-O Re8
21. Be4 Qg5 22. Kh1 f5 23. Bg2 Bg7 24. Rc1 e4 25. Re1 Ne5 26. Bxe4 fxe4 27.
Rxe4 fxg3 28. hxg3 Qg6 29. Qe2 Qh6+ 30. Kg2 Qxc1 {White resigns} 0-1

[Event "ICC tourney 2049 (75 10)"]
[Site "Internet Chess Club"]
[Date "2020.10.09"]
[Round "1"]
[White "PearsonH"]
[Black "python0812"]
[Result "1/2-1/2"]
[ICCResult "Game drawn by mutual agreement"]
[WhiteElo "1780"]
[BlackElo "2036"]
[Opening "Queen's pawn: London system"]
[ECO "A45"]
[NIC "QP.07"]
[Time "20:06:08"]
[TimeControl "4500+10"]

1. d4 Nf6 2. Bf4 e6 3. e3 c5 4. c3 Nc6 5. Nd2 Be7 6. Bd3 b6 7. h3 Bb7 8.
Ngf3 O-O 9. O-O d6 10. Re1 e5 11. Bh2 cxd4 12. exd4 exd4 13. cxd4 d5 14. Rc1
Bd6 15. Bxd6 Qxd6 16. Nf1 Qb4 17. Qd2 Rfe8 18. a3 Qd6 19. Ne3 Ne4 20. Qd1
Rac8 21. Re2 Ne7 22. Rxc8 Rxc8 23. Rc2 Qf6 24. Rxc8+ Bxc8 25. Bxe4 dxe4 26.
Ne5 Qe6 27. Qa4 Ng6 28. Nxg6 hxg6 29. Qxa7 f5 30. Qc7 g5 31. Qc4 Qxc4 32.
Nxc4 b5 33. Nd2 Kf7 34. Kf1 Ke6 35. Ke2 Kd5 36. f3 Kxd4 37. fxe4 fxe4 38.
Nf1 Ba6 39. Ne3 b4+ 40. Kd2 b3 41. Nf5+ Ke5 42. Ne3 Kf4 43. a4 g6 44. a5 Kg3
45. Kc3 Kf2 46. Kd4 Bd3 47. Nc4 Bxc4 48. Kxc4 e3 49. a6 e2 50. a7 e1=Q 51.
a8=Q Qf1+ 52. Kxb3 Qxg2 53. Qf8+ Qf3+ 54. Qxf3+ Kxf3 55. Kc4 Kg3 56. b4 Kxh3
57. b5 g4 58. b6 g3 59. b7 g2 60. b8=Q g1=Q 61. Qh8+ Kg2 62. Qa8+ Kg3 63.
Qb8+ Kf3 64. Qb7+ Kg4 65. Qd7+ {Game drawn by mutual agreement} 1/2-1/2

[Event "ICC tourney 2049 (75 10)"]
[Site "Internet Chess Club"]
[Date "2020.10.09"]
[Round "1"]
[White "Slivovitz"]
[Black "HarleyQueen8"]
[Result "1/2-1/2"]
[ICCResult "Game drawn by mutual agreement"]
[WhiteElo "2090"]
[BlackElo "1866"]
[Opening "Réti: King's Indian attack"]
[ECO "A08"]
[NIC "QP.10"]
[Time "20:06:00"]
[TimeControl "4500+10"]

1. Nf3 c5 2. g3 d5 3. Bg2 Nc6 4. d4 cxd4 5. Nxd4 e5 6. Nxc6 bxc6 7. O-O Be6
8. c4 Bc5 9. Nc3 Ne7 10. Qa4 O-O 11. cxd5 cxd5 12. Bd2 Rc8 13. b4 Bd4 14.
Rac1 Bb6 15. Qa3 Qd7 16. Na4 Qb5 17. Nc3 Qd7 18. e3 Rfd8 19. Na4 Nf5 20. Nc5
Bxc5 21. Rxc5 Rxc5 22. bxc5 Rb8 23. Rc1 Ne7 24. Bf1 Nc6 25. Qa4 d4 26. Bb5
Bd5 27. exd4 Qh3 28. Bf1 Qg4 29. Bg2 Bxg2 30. Kxg2 Qe4+ 31. Kh3 Nxd4 32. Be3
Qf5+ 33. Kg2 Qf3+ 34. Kh3 Qh5+ 35. Kg2 Qf3+ 36. Kh3 Qh5+
{Game drawn by mutual agreement}
1/2-1/2

[Event "ICC tourney 2049 (75 10)"]
[Site "Internet Chess Club"]
[Date "2020.10.09"]
[Round "1"]
[White "arya2"]
[Black "Zuiopal"]
[Result "1-0"]
[ICCResult "Black resigns"]
[WhiteElo "2018"]
[BlackElo "1706"]
[Opening "Trompowsky attack (Ruth, Opocenský opening)"]
[ECO "A45"]
[NIC "QP.07"]
[Time "20:06:00"]
[TimeControl "4500+10"]

1. d4 Nf6 2. Bg5 Ne4 3. Bf4 d5 4. e3 c6 5. Bd3 Nf6 6. Nd2 e6 7. Ngf3 Bd6 8.
Ne5 Qc7 9. Bg3 Nbd7 10. f4 b6 11. O-O Bb7 12. c3 c5 13. Qf3 c4 14. Bc2 O-O
15. Bh4 b5 16. g4 b4 17. Bxf6 Nxf6 18. g5 Nd7 19. Nxd7 Qxd7 20. Qh5 g6 21.
Qh4 f5 22. gxf6 Qf7 23. Nf3 Qxf6 24. Ng5 Rf7 25. Qg4 Re7 26. h4 Rae8 27. h5
Rg7 28. hxg6 hxg6 29. Qh4 Ree7 30. Rf2 Rh7 31. Qg3 Rh5 32. Rh2 Rg7 33. Rxh5
gxh5 34. Qh4 Qh6 35. Kf2 e5 36. Rg1 exf4 37. exf4 Qf6 38. Bh7+ Kh8 39. Qxh5
Qxf4+ 40. Ke2 Re7+ 41. Kd1 Bc6 42. Bf5+ Kg8 43. Ne6+ Qg3 44. Rxg3+ Bxg3 45.
Qg6+ Kh8 46. Qxg3 Ba4+ 47. Kc1 bxc3 48. Qh4+ Kg8 49. Qxe7 cxb2+ 50. Kxb2 c3+
51. Kxc3 {Black resigns} 1-0

[Event "ICC tourney 2049 (75 10)"]
[Site "Internet Chess Club"]
[Date "2020.10.09"]
[Round "1"]
[White "MARMAYOGI11"]
[Black "Arsalchess"]
[Result "1-0"]
[ICCResult "Black resigns"]
[WhiteElo "2199"]
[BlackElo "1923"]
[Opening "Queen's bishop game"]
[ECO "D02"]
[NIC "QP.08"]
[Time "20:06:12"]
[TimeControl "4500+10"]

1. d4 d5 2. Nf3 Nf6 3. Bf4 c5 4. e3 Nc6 5. c3 e6 6. Nbd2 Be7 7. h3 b6 8. Bd3
Bd6 9. Bb5 Bb7 10. Ne5 Rc8 11. Qa4 Bxe5 12. Bxe5 O-O 13. Bh2 Na5 14. Bd3 c4
15. Bb1 Nd7 16. e4 e5 17. O-O exd4 18. cxd4 Nf6 19. e5 Ne4 20. Qc2 Qh4 21.
Bg3 Nxg3 22. Nf3 Qe4 23. fxg3 Qxc2 24. Bxc2 Ba6 25. Rf2 Nc6 26. Rd1 Nb4 27.
Bb1 c3 28. bxc3 Rxc3 29. g4 Rfc8 30. Kh2 h6 31. g5 Rc1 32. Rxc1 Rxc1 33. Rb2
Nd3 34. Bxd3 Bxd3 35. gxh6 gxh6 36. Kg3 Bc4 37. Nd2 Rc3+ 38. Kf4 Rd3 39. e6
fxe6 40. Ke5 Kf7 41. Nxc4 dxc4 42. Rb4 Rd2 43. Rxc4 Re2+ 44. Kd6 Rxa2 45.
Rc7+ Kf6 46. Re7 Re2 47. d5 e5 48. Rxa7 Rxg2 49. Re7 Re2 50. Re6+ Kf5 51.
Rxh6 e4 52. Ke7 Rd2 53. d6 e3 54. d7 b5 55. Rf6+ Ke4 56. Rd6 e2 57. Rxd2
e1=Q 58. d8=Q Kf5+ 59. Kf8 Qa1 60. Qd5+ Kf4 61. Rf2+ Ke3 62. Qf3+
{Black resigns}
1-0

[Event "ICC tourney 2049 (75 10)"]
[Site "Internet Chess Club"]
[Date "2020.10.09"]
[Round "1"]
[White "prudhvi"]
[Black "OctopusYule"]
[Result "1/2-1/2"]
[ICCResult "Black stalemated"]
[WhiteElo "1996"]
[BlackElo "1827"]
[Opening "Vienna: Paulsen-Mieses variation"]
[ECO "C26"]
[NIC "VG.01"]
[Time "20:06:03"]
[TimeControl "4500+10"]

1. e4 e5 2. Nc3 Nf6 3. g3 Nc6 4. Bg2 Bc5 5. h3 d6 6. Nge2 a6 7. d3 Be6 8.
O-O O-O 9. Be3 Ba7 10. Bxa7 Rxa7 11. d4 Bc4 12. Re1 Bxe2 13. Nxe2 Re8 14.
Qd2 Ra8 15. d5 Ne7 16. c4 Nd7 17. b4 f5 18. Rac1 Nf6 19. Nc3 fxe4 20. Nxe4
Nf5 21. Ng5 Nd4 22. f4 h6 23. Ne6 Nxe6 24. dxe6 Rxe6 25. Bxb7 Rb8 26. Bc6
Kh8 27. f5 Re7 28. g4 e4 29. a3 Re5 30. Qf4 Qe7 31. Rc3 Rb6 32. Bd5 Nxd5 33.
cxd5 Qf7 34. Rxe4 Qxd5 35. Rce3 Rxe4 36. Qxe4 Qxe4 37. Rxe4 Rc6 38. Re8+ Kh7
39. Kf2 Rc3 40. Re3 Rxe3 41. Kxe3 c6 42. Kf4 Kg8 43. h4 Kf7 44. g5 hxg5+ 45.
hxg5 Ke7 46. Kg4 Kf7 47. Kf4 Ke7 48. Ke4 Kf7 49. Kd4 Ke7 50. a4 Kd7 51. Kc4
Ke7 52. b5 d5+ 53. Kc5 cxb5 54. axb5 axb5 55. Kxd5 b4 56. Kc4 b3 57. Kxb3
Kd6 58. Kc4 Ke5 59. f6 Ke6 60. fxg7 Kf7 61. Kd5 Kxg7 62. Ke5 Kg6 63. Kf4 Kg7
64. Kf5 Kf7 65. g6+ Kg7 66. Kg5 Kg8 67. Kf6 Kf8 68. g7+ Kg8 69. Kg6
{Black stalemated}
1/2-1/2

[Event "ICC tourney 2049 (75 10)"]
[Site "Internet Chess Club"]
[Date "2020.10.09"]
[Round "1"]
[White "rmauskopf24"]
[Black "canary2016"]
[Result "0-1"]
[ICCResult "White resigns"]
[WhiteElo "1577"]
[BlackElo "1941"]
[Opening "QGD semi-Slav: Stoltz variation"]
[ECO "D45"]
[NIC "SL.08"]
[Time "20:05:58"]
[TimeControl "4500+10"]

1. d4 d5 2. c4 c6 3. Nf3 Nf6 4. Nc3 e6 5. e3 Nbd7 6. Qc2 Bd6 7. g4 h6 8. Bd2
Nxg4 9. Rg1 Qf6 10. Rxg4 Qxf3 11. Rxg7 Nf6 12. e4 Ng4 13. Rxg4 Qxg4 14. cxd5
exd5 15. exd5 Qxd4 16. O-O-O Bf4 17. Kb1 Bxd2 18. Rxd2 Qf4 19. Re2+ Kf8 20.
dxc6 bxc6 21. Ne4 Bf5 22. Ka1 Bxe4 23. Rxe4 Qd6 24. a3 Rd8 25. Be2 Rg8 26.
Bg4 Qd5 27. Qb1 h5 28. Bf3 Qc5 29. Rf4 Rg7 30. Rf5 Qxf2 31. Bxh5 Qxh2 32.
Qe4 Qd6 33. Qf3 Rg1+ 34. Ka2 Qe6+ 35. Qb3 Qxf5 36. Qb4+ c5 {White resigns}
0-1

[Event "ICC tourney 2049 (75 10)"]
[Site "Internet Chess Club"]
[Date "2020.10.09"]
[Round "1"]
[White "dzchess01"]
[Black "WayTooRighteous"]
[Result "1/2-1/2"]
[ICCResult "Game drawn by mutual agreement"]
[WhiteElo "1898"]
[BlackElo "2074"]
[Opening "Sicilian: dragon variation"]
[ECO "B70"]
[NIC "SI.15"]
[Time "20:06:15"]
[TimeControl "4500+10"]

1. e4 c5 2. Nf3 d6 3. d4 cxd4 4. Nxd4 Nf6 5. Nc3 g6 6. Bc4 Bg7 7. h3 a6 8.
Bb3 b5 9. O-O Bb7 10. Re1 O-O 11. Nd5 Nbd7 12. a4 bxa4 13. Rxa4 Nc5 14. Ra1
Nxb3 15. Nxb3 Nxd5 16. exd5 Rc8 17. c3 Re8 18. Bg5 h6 19. Bh4 Rc4 20. Bg3
Qb6 21. Nd2 Rc7 22. c4 Rec8 23. Rb1 Qb4 24. b3 Rb8 25. Ne4 Bc8 26. c5 Rd7
27. Qc2 f5 28. Bxd6 Ra8 29. Rbd1 a5 30. Bf4 Rxd5 31. Bd2 Qb5 32. Bc3 Rxd1
33. Rxd1 Be6 34. Bxg7 Kxg7 35. Qc3+ Kf7 36. Nd2 Rd8 37. Re1 Qd3 38. Qe5 Qd5
39. Nc4 Qxe5 40. Nxe5+ Kf6 41. Nc6 Rd5 42. Nxa5 Rxc5 43. b4 Rb5 44. Rb1 Bd5
45. f3 Ke5 46. Kf2 Kd4 47. Rc1 Rb6 48. Rd1+ Ke5 49. Rb1 Kd4 50. Rd1+ Ke5 51.
Rb1 f4 52. Ke2 Kd4 53. Rd1+ Ke5 54. Rb1 Be6 55. Kd2 Kd4 56. h4 Bf5 57. Rb2
e5 58. Nb3+ Kc4 59. Na5+ Kb5 60. Kc3 Rb8 61. Re2 Rc8+ 62. Kb3 Re8 63. Nc4
Bd3 64. Rxe5+ Rxe5 65. Nxe5 Bf1 66. Nxg6 Bxg2 67. Nxf4 Bxf3 68. Kc3 Be4 69.
Ne6 Kc6 70. Nd4+ Kd5 71. Ne2 Ke5 72. Kc4 Bf3 73. Nd4 Ba8 74. Kc5 Kf4 75. b5
Kg4 76. Kb6 Kxh4 77. Nf5+ Kg5 78. Nxh6 Kxh6 79. Ka7
{Game drawn by mutual agreement}
1/2-1/2

[Event "ICC tourney 2049 (75 10)"]
[Site "Internet Chess Club"]
[Date "2020.10.10"]
[Round "2"]
[White "Vish1080"]
[Black "HR2005"]
[Result "0-1"]
[ICCResult "White resigns"]
[WhiteElo "1660"]
[BlackElo "2015"]
[Opening "English opening"]
[ECO "A05"]
[NIC "QP.11"]
[Time "11:01:51"]
[TimeControl "4500+10"]

1. Nf3 Nf6 2. c4 g6 3. Nc3 Bg7 4. e3 d6 5. d4 O-O 6. b3 e5 7. Be2 e4 8. Nd2
Re8 9. O-O c6 10. Bb2 h5 11. a4 Bf5 12. b4 Nbd7 13. Qc2 Nf8 14. c5 d5 15. b5
Ne6 16. Na2 h4 17. Nb4 Qd7 18. Nb3 Ng5 19. Na5 Nf3+ 20. gxf3 exf3 21. Qd1
Bc2 22. Bxf3 Bxd1 23. Raxd1 cxb5 24. c6 bxc6 25. axb5 cxb5 26. Rc1 Rac8 27.
Rc5 Rxc5 28. dxc5 Qc7 29. Nb3 a5 30. Bxf6 axb4 31. Bxg7 Kxg7 32. Bxd5 Re5
33. Bf3 Rxc5 34. Nxc5 Qxc5 35. Rb1 Qf5 {White resigns} 0-1

[Event "ICC tourney 2049 (75 10)"]
[Site "Internet Chess Club"]
[Date "2020.10.10"]
[Round "2"]
[White "caratclownery"]
[Black "combusken1123"]
[Result "1-0"]
[ICCResult "Black resigns"]
[WhiteElo "1949"]
[BlackElo "1675"]
[Opening "Sicilian: Pelikan, Chelyabinsk variation"]
[ECO "B33"]
[NIC "SI.37"]
[Time "11:01:51"]
[TimeControl "4500+10"]

1. e4 c5 2. Nf3 Nc6 3. d4 cxd4 4. Nxd4 Nf6 5. Nc3 e5 6. Ndb5 d6 7. Bg5 a6 8.
Na3 b5 9. Nd5 Be7 10. Nxe7 Nxe7 11. Bd3 Be6 12. O-O Ng6 13. c4 b4 14. Qa4+
Bd7 15. Qxb4 Nd5 16. Qd2 Nde7 17. Rad1 f6 18. Be3 Bc6 19. Bb1 Nc8 20. c5 Qd7
21. cxd6 Qg4 22. f3 Qh5 23. d7+ Bxd7 24. Qxd7+ Kf8 25. Qd8+ Kf7 26. Qd5+ Ke8
27. Qxa8 Nh4 28. Qxc8+ Kf7 29. Rd7+ Ke6 {Black resigns} 1-0

[Event "ICC tourney 2049 (75 10)"]
[Site "Internet Chess Club"]
[Date "2020.10.10"]
[Round "2"]
[White "Arsalchess"]
[Black "poohfur"]
[Result "1-0"]
[ICCResult "Black resigns"]
[WhiteElo "1933"]
[BlackElo "1712"]
[Opening "Ruy Lopez: 5.O-O"]
[ECO "C78"]
[NIC "RL.12"]
[Time "11:02:06"]
[TimeControl "4500+10"]

1. e4 e5 2. Nf3 Nc6 3. Bb5 a6 4. Ba4 Nf6 5. O-O b5 6. Bb3 Bc5 7. c3 d6 8.
Re1 O-O 9. h3 Bb6 10. d4 Qe7 11. Bg5 Rd8 12. a4 Bb7 13. Nh4 exd4 14. Nf5 Qe5
15. f4 dxc3+ 16. Kh2 c2 17. Qxc2 Qe8 18. Bxf6 gxf6 19. Qc3 Bc8 20. Qg3+
{Black resigns}
1-0

[Event "ICC tourney 2049 (75 10)"]
[Site "Internet Chess Club"]
[Date "2020.10.10"]
[Round "2"]
[White "Roger436"]
[Black "kapilank"]
[Result "0-1"]
[ICCResult "White checkmated"]
[WhiteElo "1675"]
[BlackElo "1827"]
[Opening "Sicilian: dragon, Yugoslav attack, Rauser variation"]
[ECO "B76"]
[NIC "SI.17"]
[Time "11:02:06"]
[TimeControl "4500+10"]

1. e4 c5 2. Nf3 d6 3. d4 cxd4 4. Nxd4 Nf6 5. Nc3 g6 6. f3 Bg7 7. Be3 O-O 8.
Qd2 Nc6 9. O-O-O d5 10. exd5 Nxd5 11. Nxd5 Qxd5 12. Nxc6 Qxc6 13. Bh6 Be6
14. Bxg7 Kxg7 15. Qd4+ Kg8 16. b3 Rac8 17. Bd3 Rfd8 18. Qb2 b5 19. Be4 Bd5
20. Bxd5 Rxd5 21. Rxd5 Qxd5 22. Rd1 Qg5+ 23. Rd2 e5 24. Kd1 Qe3 25. c3 Rxc3
26. Re2 Rd3+ 27. Rd2 Qg1+ 28. Kc2 Rxd2+ 29. Kxd2 Qxg2+ 30. Kc1 Qg1+ 31. Kc2
Qxh2+ 32. Kb1 Qxb2+ 33. Kxb2 h5 34. Kc3 h4 35. Kb4 h3 36. Kxb5 h2 37. Ka6
h1=Q 38. Kxa7 Qa1 39. a4 Qa3 40. Ka6 Qxb3 41. a5 Qxf3 42. Ka7 e4 43. a6 e3
44. Kb8 e2 45. a7 e1=Q 46. a8=Q Qe8+ 47. Ka7 Qexa8+ 48. Kb6 Qfc6#
{White checkmated}
0-1